 Dungeon Sprint DCSS version 0.31.0-9-g3a7656b989 (webtiles) character file.

Game seed: 5361274968115181570

133 Heoruswealwe the Spear-Bearer (level 4, -4/45 HPs)
             Began as a Minotaur Fighter on Feb 6, 2024.
             Slain by an ogre
             ... wielding a +0 giant spiked club
              (25 damage)
             ... in the Dungeon (Sprint IX: "|||||||||||||||||||||||||||||").
             The game lasted 00:00:41 (39 turns).

Heoruswealwe the Spear-Bearer (Minotaur Fighter)      Turns: 39, Time: 00:00:42

Health: -4/45      AC:  7    Str: 23    XL:     4   Next: 94%
Magic:  3/3        EV:  9    Int:  5    God:
Gold:   0          SH:  4    Dex:  9    Spells: 3/3 levels left

rFire   . . .        a - +0 trident
rCold   . . .        d - +0 buckler
rNeg    . . .        c - +0 scale mail
rPois   .            (helmet restricted)
rElec   .            (no cloak)
rCorr   .            (no gloves)
SInv    .            (no boots)
Will    .....        (no amulet) Stlth
                     (no ring)
HPRegen 0.27/turn    (no ring)
MPRegen 0.08/turn

%: no teleportation
@: no status effects
A: horns 2, retaliatory headbutt
a: no special abilities


You were in the Dungeon.
You visited 1 branch

Inventory:

Hand Weapons
 a - a +0 trident (weapon)
Armour
 c - a +0 scale mail (worn)
 d - a +0 buckler (worn)
Potions
 b - a potion of might
 e - a potion of curing
 f - a potion of heal wounds
 g - a potion of haste
 h - 2 potions of magic
 i - a potion of berserk rage


   Skills:
 + Level 6.9 Fighting
 * Level 8.7 Polearms
 + Level 6.9 Armour
 - Level 3.6 Shields


You had 3 spell levels left.
You didn't know any spells.
Your spell library was empty.

Dungeon Overview and Level Annotations

Branches:
Dungeon (1/1)

Altars:


Innate Abilities, Weirdness & Mutations

You have a pair of horns on your head.
You reflexively headbutt those who attack you in melee.


Message History

The phantom hits you.
You barely miss the phantom. Your headbutt misses the phantom.
You block the phantom's attack.
You closely miss the phantom. Your headbutt misses the phantom.
The iguana hisses menacingly.
The phantom closely misses you.
You puncture the phantom! You headbutt the phantom.
The phantom is heavily damaged.
The phantom hits you but does no damage.
You barely miss the phantom.
The phantom is heavily damaged.
The phantom barely misses you. You furiously retaliate!
You headbutt the phantom! You puncture the phantom!
You destroy the phantom!
Your Fighting skill increases to level 6!
Your Polearms skill gained 3 levels and is now at level 8!
Your Armour skill increases to level 6!
You have reached level 4!
You feel stronger.
You puncture the iguana!
The iguana is severely wounded.
The iguana bites you!
You hit the iguana.
You kill the iguana!
You completely miss the ogre. You headbutt the ogre!
The ogre is heavily wounded.
The ogre barely misses you.
You hit the ogre but do no damage.
The ogre is heavily wounded.
You hit the ogre.
The ogre is severely wounded.
The ogre hits you with a +0 giant spiked club!
You hit the ogre.
The ogre is almost dead.
You completely miss the ogre.
The ogre is almost dead.
The ogre hits you with a +0 giant spiked club!!
Ouch! That really hurt!
You die... ▓▓▓▓▓▓▓▓▓▓▓▓▓▓▓▓▓▓ +@O...†.....)...<▓ ▓▓▓▓▓▓▓▓▓▓▓▓▓▓▓▓▓▓

You could see an ogre.

Vanquished Creatures
  A phantom (D)
  An iguana (D)
  An orc wizard (D)
  An endoplasm (D)
  A giant cockroach (D)
  2 goblins (D)
  A jackal (D)
  A quokka (D)
9 creatures vanquished.

Notes
Turn   | Place    | Note
-------+----------+-------------------------------------------
     0 | D        | Heoruswealwe the Minotaur Fighter began the quest for the
                  | Orb.
     0 | D        | Reached XP level 1. HP: 19/19 MP: 0/0
     6 | D        | Reached skill level 3 in Polearms
    19 | D        | Noticed an orc wizard
    19 | D        | Noticed a phantom
    19 | D        | Noticed an iguana
    19 | D        | Noticed an ogre
    21 | D        | Reached skill level 4 in Polearms
    25 | D        | Killed an orc wizard
    26 | D        | Reached skill level 5 in Fighting
    26 | D        | Reached skill level 5 in Polearms
    26 | D        | Reached skill level 5 in Armour
    26 | D        | Reached XP level 2. HP: 29/29 MP: 1/1
    26 | D        | Reached XP level 3. HP: 36/36 MP: 2/2
    32 | D        | Killed a phantom
    33 | D        | Reached skill level 8 in Polearms
    33 | D        | Reached XP level 4. HP: 44/45 MP: 3/3
    39 | D        | Slain by an ogre

Illustrated notes

Levels and vault maps discovered:
D:        linesprint [early_d, line_temple, items_1, d_10, items_2, lair_1,
          lair_end, items_3, orc_1, orc_end, items_4, d_15, swamp_1, shoals_1,
          snake_1, spider_1, d_20, vaults_1, items_5, swamp_end, shoals_end,
          snake_end, spider_end, vaults_end, d_27, items_6, zot_1, zot_end,
          crypt_end, forest_end, elf_end, slime_end, tomb_end, abyss_end,
          pan_hell_end]

Skill      XL: |  1  2  3 |
---------------+----------+-----
Polearms       | 5 8 |  8.7
Fighting       | 5 6 |  6.9
Armour         | 5 6 |  6.9
Shields        | |  3.6

Action                     |  1- 3 |  4- 6 || total
---------------------------+-------+-------++-------
  Melee: Trident           |    19 |     7 ||    26
         Headbutt          |     3 |     1 ||     4
    Use: Scroll            |     1 |       ||     1
 Armour: Scale mail        |     7 |     3 ||    10
  Dodge: Dodged            |     8 |     1 ||     9
  Block: Buckler           |     3 |       ||     3
